TOP OF THE 1ST |
Riverside Red Bulls batting - Pitching for San Diego Smashers : LHP Geoff Williams
|
Pitching: LHP Geoff Williams
|
|
Batting: LHB Mike Petersen
|
0-0: Foul Ball, location: 2F 0-1: Ball 1-1: Ball 2-1: Called Strike 2-2: Ball 3-2: Foul Ball, location: 2F 3-2: Base on Balls
|
Batting: RHB Pedro Mata
|
0-0: Ball 1-0: SINGLE (Groundball, 4MD) Mike Petersen to second
|
Batting: LHB Paco Rivera
|
0-0: Ball 1-0: Ball 2-0: Ball 3-0: Called Strike 3-1: Called Strike 3-2: TRIPLE (Flyball, 78XD) Mike Petersen scores Pedro Mata scores
|
Batting: RHB Earnest Finnegan
|
0-0: Called Strike 0-1: Ball 1-1: Ball 2-1: Swinging Strike 2-2: Strikes out swinging
|
Batting: RHB Brandon Pope
|
0-0: Called Strike 0-1: Ball 1-1: Called Strike 1-2: Ball 2-2: Ball 3-2: Base on Balls
|
Batting: RHB Mike Mills
|
0-0: Ball 1-0: Foul Ball, location: 2F 1-1: Foul Ball, location: 2F 1-2: Ball 2-2: Foul Ball, location: 2F 2-2: SINGLE (Line Drive, 34D) Paco Rivera scores Brandon Pope to second
|
Batting: RHB Fernando Gálvez
|
0-0: Ball 1-0: Swinging Strike 1-1: Grounds into double play, U6-3 (Groundball, 6)
|
Top of the 1st over - 3 run(s), 3 hit(s), 0 error(s), 1 left on base; Riverside 3 - San Diego 0 |
BOTTOM OF THE 1ST |
San Diego Smashers batting - Pitching for Riverside Red Bulls : RHP Gene Whitley
|
Pitching: RHP Gene Whitley
|
|
Batting: RHB Ricardo Guzmán
|
0-0: Ball 1-0: Ball 2-0: Ball 3-0: Base on Balls
|
Batting: RHB António López
|
0-0: SINGLE (Line Drive, 4) Ricardo Guzmán to second Runner from 2nd tries for 3rd, SAFE, throw made to third António López to second
|
Batting: RHB Phil White
|
0-0: TRIPLE (Flyball, 9D) Ricardo Guzmán scores António López scores
|
Batting: RHB Marty Hendrickson
|
0-0: Foul Ball, location: 2F 0-1: Ball 1-1: Called Strike 1-2: Foul Ball, location: 2F 1-2: Ball 2-2: Ball 3-2: Base on Balls
|
Batting: SHB Chris Woods
|
0-0: Foul Ball, location: 2F 0-1: Ball 1-1: Fly out, F7 (Flyball, 7S)
|
Batting: LHB Karl Hill
|
0-0: Ball 1-0: Called Strike 1-1: Ball 2-1: Ball 3-1: Base on Balls Marty Hendrickson to second
|
Batting: LHB Francisco Medina
|
0-0: Fielders Choice at 2nd, 6-4 (Groundball, 6M) Phil White scores Marty Hendrickson to third
|
Batting: RHB Ryan Cates
|
0-0: Ball 1-0: Ball 2-0: Ball Pickoff Throw to First - Out!
|
Bottom of the 1st over - 3 run(s), 2 hit(s), 0 error(s), 0 left on base; Riverside 3 - San Diego 3 |
TOP OF THE 2ND |
Riverside Red Bulls batting - Pitching for San Diego Smashers : LHP Geoff Williams
|
Batting: RHB Enrique Flores
|
0-0: Foul Ball, location: 2F 0-1: Swinging Strike 0-2: Ball 1-2: Ball 2-2: Ground out 5-3 (Groundball, 5)
|
Batting: RHB Jesús Naút
|
0-0: Called Strike 0-1: Foul Ball, location: 2F 0-2: Foul Ball, location: 2F 0-2: Ball 1-2: Fly out, F9 (Flyball, 89S)
|
Batting: LHB Mike Petersen
|
0-0: Ground out 4-3 (Groundball, 4M)
|
Top of the 2nd over - 0 run(s), 0 hit(s), 0 error(s), 0 left on base; Riverside 3 - San Diego 3 |
BOTTOM OF THE 2ND |
San Diego Smashers batting - Pitching for Riverside Red Bulls : RHP Gene Whitley
|
Batting: RHB Ryan Cates
|
0-0: SINGLE (Line Drive, 4MD)
|
Batting: SHB Adrián Nieto
|
0-0: Called Strike 0-1: Ball 1-1: Called Strike 1-2: Foul Ball, location: 2F 1-2: Strikes out swinging
|
Batting: RHB Ricardo Guzmán
|
0-0: Ball 1-0: Ball 2-0: Called Strike 2-1: Foul Ball, location: 2F 2-2: Ball 3-2: Hit by Pitch Ryan Cates to second
|
Batting: RHB António López
|
0-0: Ball 1-0: Swinging Strike 1-1: 3-RUN HOME RUN (Line Drive, 7D), Distance : 352 ft
|
Batting: RHB Phil White
|
0-0: Ball 1-0: Ball 2-0: Ball 3-0: Base on Balls
|
Batting: RHB Marty Hendrickson
|
0-0: 2-RUN HOME RUN (Line Drive, 7D), Distance : 353 ft
|
Batting: SHB Chris Woods
|
0-0: Swinging Strike 0-1: Hit by Pitch
|
Batting: LHB Karl Hill
|
0-0: Called Strike 0-1: Fly out, F7 (Flyball, 7M)
|
Batting: LHB Francisco Medina
|
0-0: Called Strike 0-1: Ball 1-1: Fly out, F8 (Flyball, 8LD)
|
Bottom of the 2nd over - 5 run(s), 3 hit(s), 0 error(s), 1 left on base; Riverside 3 - San Diego 8 |
TOP OF THE 3RD |
Riverside Red Bulls batting - Pitching for San Diego Smashers : LHP Geoff Williams
|
Batting: RHB Pedro Mata
|
0-0: Ball 1-0: Ball 2-0: Foul Ball, location: 2F 2-1: Fly out, F7 (Flyball, 7M)
|
Batting: LHB Paco Rivera
|
0-0: Foul Ball, location: 2F 0-1: Fly out, F8 (Flyball, 8LD)
|
Batting: RHB Earnest Finnegan
|
0-0: Ball 1-0: Ball 2-0: Ground out 6-3 (Groundball, 6MS)
|
Top of the 3rd over - 0 run(s), 0 hit(s), 0 error(s), 0 left on base; Riverside 3 - San Diego 8 |
BOTTOM OF THE 3RD |
San Diego Smashers batting - Pitching for Riverside Red Bulls : RHP Gene Whitley
|
Batting: RHB Ryan Cates
|
0-0: Called Strike 0-1: SINGLE (Groundball, 56D) (infield hit)
|
Batting: SHB Adrián Nieto
|
0-0: Foul Ball, location: 2F 0-1: Called Strike Ryan Cates is caught stealing 2nd base 0-2: Ball 1-2: Ground out 4-3 (Groundball, 4M)
|
Batting: RHB Ricardo Guzmán
|
0-0: Ball 1-0: Foul Ball, location: 2F 1-1: Foul Ball, location: 2F 1-2: Strikes out swinging
|
Bottom of the 3rd over - 0 run(s), 1 hit(s), 0 error(s), 0 left on base; Riverside 3 - San Diego 8 |
TOP OF THE 4TH |
Riverside Red Bulls batting - Pitching for San Diego Smashers : LHP Geoff Williams
|
Batting: RHB Brandon Pope
|
0-0: Ball 1-0: Called Strike 1-1: Foul Ball, location: 2F 1-2: Ball 2-2: Foul Ball, location: 2F 2-2: Strikes out swinging
|
Batting: RHB Mike Mills
|
0-0: Ball 1-0: Ball 2-0: Ball 3-0: Called Strike 3-1: DOUBLE (Line Drive, 56D)
|
Batting: RHB Fernando Gálvez
|
0-0: Ball 1-0: Ball 2-0: Ball 3-0: Base on Balls
|
Batting: RHB Enrique Flores
|
0-0: Swinging Strike 0-1: Swinging Strike 0-2: Foul Ball, location: 2F 0-2: Ball 1-2: Strikes out swinging
|
Batting: RHB Jesús Naút
|
0-0: Called Strike 0-1: Foul Ball, location: 2F 0-2: Foul Ball, location: 2F 0-2: Ball 1-2: Strikes out swinging
|
Top of the 4th over - 0 run(s), 1 hit(s), 0 error(s), 2 left on base; Riverside 3 - San Diego 8 |
BOTTOM OF THE 4TH |
San Diego Smashers batting - Pitching for Riverside Red Bulls : RHP Gene Whitley
|
Pitching: RHP Shawn Montoya
|
|
Batting: RHB António López
|
0-0: Ball 1-0: Fly out, F8 (Flyball, 8RM)
|
Batting: RHB Phil White
|
0-0: Ball 1-0: Called Strike 1-1: Called Strike 1-2: Foul Ball, location: 2F 1-2: Fly out, F8 (Flyball, 8LD)
|
Batting: RHB Marty Hendrickson
|
0-0: Called Strike 0-1: Foul Ball, location: 2F 0-2: Ball 1-2: Foul Ball, location: 2F 1-2: SOLO HOME RUN (Line Drive, 9LD), Distance : 362 ft
|
Batting: SHB Chris Woods
|
0-0: Ball 1-0: SOLO HOME RUN (Flyball, 8LXD), Distance : 420 ft
|
Batting: LHB Karl Hill
|
0-0: Ball 1-0: Ball 2-0: Ball 3-0: Called Strike 3-1: Foul Ball, location: 2F 3-2: Ground out U3 (Groundball, 3L)
|
Bottom of the 4th over - 2 run(s), 2 hit(s), 0 error(s), 0 left on base; Riverside 3 - San Diego 10 |
TOP OF THE 5TH |
Riverside Red Bulls batting - Pitching for San Diego Smashers : LHP Geoff Williams
|
Batting: LHB Mike Petersen
|
0-0: Ball 1-0: Ball 2-0: Ball 3-0: Called Strike 3-1: Foul Ball, location: 2F 3-2: Foul Ball, location: 2F 3-2: Base on Balls
|
Batting: RHB Pedro Mata
|
0-0: Ball 1-0: Ball 2-0: Ball 3-0: Called Strike 3-1: Called Strike 3-2: SINGLE (Groundball, 6M) Mike Petersen to second
|
Batting: LHB Paco Rivera
|
0-0: Ball 1-0: Ball 2-0: Called Strike 2-1: Ball 3-1: Fielders Choice at 2nd, 1-6 (Groundball, 25) Mike Petersen to third
|
Pitching: RHP Wayne Walker
|
|
Batting: RHB Earnest Finnegan
|
0-0: Called Strike 0-1: Ball 1-1: Reached on error, E1 (Groundball, 23) Mike Petersen scores Paco Rivera to second
|
Batting: RHB Brandon Pope
|
0-0: Called Strike 0-1: DOUBLE (Line Drive, 9LS) Paco Rivera scores Earnest Finnegan to third
|
Batting: RHB Mike Mills
|
0-0: DOUBLE (Line Drive, 3L) Earnest Finnegan scores Brandon Pope scores
|
Batting: RHB Fernando Gálvez
|
0-0: Swinging Strike 0-1: Foul Ball, location: 2F 0-2: Ground out 4-3 (Groundball, 4) Mike Mills to third
|
Batting: RHB Enrique Flores
|
0-0: Ball 1-0: Ball 2-0: Called Strike 2-1: Foul Ball, location: 2F 2-2: Strikes out swinging
|
Top of the 5th over - 4 run(s), 3 hit(s), 1 error(s), 1 left on base; Riverside 7 - San Diego 10 |
BOTTOM OF THE 5TH |
San Diego Smashers batting - Pitching for Riverside Red Bulls : RHP Shawn Montoya
|
Batting: LHB Francisco Medina
|
0-0: Ball 1-0: Hit by Pitch
|
Batting: RHB Ryan Cates
|
0-0: Ball 1-0: Ball 2-0: Ball 3-0: Called Strike 3-1: Swinging Strike 3-2: Strikes out swinging
|
Batting: SHB Adrián Nieto
|
0-0: Ball 1-0: Called Strike 1-1: Foul Ball, location: 2F 1-2: Foul Ball, location: 2F 1-2: Strikes out swinging
|
Batting: RHB Ricardo Guzmán
|
0-0: Called Strike 0-1: Swinging Strike 0-2: SINGLE (Line Drive, 89S) Francisco Medina to second Francisco Medina to third
|
Batting: RHB António López
|
0-0: Fly out, F8 (Flyball, 8RS)
|
Bottom of the 5th over - 0 run(s), 1 hit(s), 0 error(s), 2 left on base; Riverside 7 - San Diego 10 |
TOP OF THE 6TH |
Riverside Red Bulls batting - Pitching for San Diego Smashers : RHP Wayne Walker
|
Batting: RHB Jesús Naút
|
0-0: Ball 1-0: SINGLE (Line Drive, 6M)
|
Batting: LHB Mike Petersen
|
0-0: Called Strike 0-1: DOUBLE (Flyball, 9D) Jesús Naút to third
|
Batting: RHB Pedro Mata
|
0-0: Ball 1-0: Ball 2-0: Ball 3-0: Base on Balls
|
Batting: LHB Paco Rivera
|
0-0: Ball 1-0: Ball 2-0: Fly out, F8 (Flyball, 8LXD) Runner from 3rd tags up, SCORES, no throw
|
Pitching: LHP Jesús Martínez
|
|
Batting: RHB Earnest Finnegan
|
0-0: Ball 1-0: Ball 2-0: Ball 3-0: Called Strike 3-1: Called Strike 3-2: Strikes out swinging
|
Batting: RHB Brandon Pope
|
0-0: Foul Ball, location: 2F 0-1: Ball 1-1: Ball 2-1: Swinging Strike 2-2: SINGLE (Groundball, 3S) Mike Petersen to third Pedro Mata to second Runner from 3rd tries for Home, SAFE, no throw or cutoff
|
Batting: RHB Mike Mills
|
0-0: Foul Ball, location: 2F 0-1: Ball 1-1: Foul Ball, location: 2F 1-2: Foul Ball, location: 2F 1-2: Fly out, F7 (Flyball, 7S)
|
Top of the 6th over - 2 run(s), 3 hit(s), 0 error(s), 2 left on base; Riverside 9 - San Diego 10 |
BOTTOM OF THE 6TH |
San Diego Smashers batting - Pitching for Riverside Red Bulls : RHP Shawn Montoya
|
Batting: RHB Phil White
|
0-0: Swinging Strike 0-1: Ball 1-1: Ground out 5-3 (Groundball, 5)
|
Batting: RHB Marty Hendrickson
|
0-0: Called Strike 0-1: Ball 1-1: Ball 2-1: Ball 3-1: Swinging Strike 3-2: Fly out, F9 (Flyball, 9D)
|
Batting: SHB Chris Woods
|
0-0: Called Strike 0-1: Fly out, F7 (Flyball, 78D)
|
Bottom of the 6th over - 0 run(s), 0 hit(s), 0 error(s), 0 left on base; Riverside 9 - San Diego 10 |
TOP OF THE 7TH |
Riverside Red Bulls batting - Pitching for San Diego Smashers : LHP Jesús Martínez
|
Batting: RHB Fernando Gálvez
|
0-0: Called Strike 0-1: Foul Ball, location: 2F 0-2: Ball 1-2: Foul Ball, location: 2F 1-2: Ball 2-2: Strikes out swinging
|
Batting: RHB Enrique Flores
|
0-0: Foul Ball, location: 2F 0-1: Called Strike 0-2: Ball 1-2: Strikes out swinging
|
Batting: RHB Jesús Naút
|
0-0: Swinging Strike 0-1: Ball 1-1: Foul Ball, location: 2F 1-2: Strikes out swinging
|
Top of the 7th over - 0 run(s), 0 hit(s), 0 error(s), 0 left on base; Riverside 9 - San Diego 10 |
BOTTOM OF THE 7TH |
San Diego Smashers batting - Pitching for Riverside Red Bulls : RHP Shawn Montoya
|
Pitching: LHP Joe Phillips
|
|
Batting: LHB Karl Hill
|
0-0: Called Strike 0-1: Foul Ball, location: 2F 0-2: Foul Ball, location: 2F 0-2: Ball 1-2: Fly out, F8 (Flyball, 8RM)
|
Pitching: RHP Alberto Gutiérrez
|
|
Batting: LHB Francisco Medina
|
0-0: Ball 1-0: Ball 2-0: Ball 3-0: Base on Balls
|
Pinch Hitting: RHB Manuel Muńóz
|
0-0: Ball Francisco Medina is caught stealing 2nd base 1-0: Ground out 1-3 (Groundball, 15)
|
Bottom of the 7th over - 0 run(s), 0 hit(s), 0 error(s), 0 left on base; Riverside 9 - San Diego 10 |
TOP OF THE 8TH |
Riverside Red Bulls batting - Pitching for San Diego Smashers : LHP Jesús Martínez
|
Now at 3B: John Nelson
|
|
Batting: LHB Mike Petersen
|
0-0: Ball 1-0: Ball 2-0: Called Strike 2-1: Foul Ball, location: 2F 2-2: Ball 3-2: Foul Ball, location: 2F 3-2: Foul Ball, location: 2F 3-2: Ground out U3 (Groundball, 3)
|
Pitching: LHP Raymond Ritchie
|
|
Batting: RHB Pedro Mata
|
0-0: Foul Ball, location: 2F 0-1: Ball 1-1: Foul Ball, location: 2F 1-2: Ball 2-2: Ball 3-2: Foul Ball, location: 2F 3-2: Foul Ball, location: 2F 3-2: Foul Ball, location: 2F 3-2: Base on Balls
|
Batting: LHB Paco Rivera
|
0-0: Called Strike 0-1: Swinging Strike 0-2: Ball 1-2: Ball 2-2: Ball 3-2: Foul Ball, location: 2F 3-2: Foul Ball, location: 2F 3-2: Foul Ball, location: 2F 3-2: Fielders Choice at 2nd, 3-6 (Groundball, 3)
|
Pitching: RHP Craig Lewis
|
|
Batting: RHB Earnest Finnegan
|
0-0: Ball 1-0: Ball 2-0: Fly out, F7 (Flyball, 78D)
|
Top of the 8th over - 0 run(s), 0 hit(s), 0 error(s), 1 left on base; Riverside 9 - San Diego 10 |
BOTTOM OF THE 8TH |
San Diego Smashers batting - Pitching for Riverside Red Bulls : RHP Alberto Gutiérrez
|
Batting: SHB Adrián Nieto
|
0-0: Called Strike 0-1: Ball 1-1: Ball 2-1: Swinging Strike 2-2: Foul Ball, location: 2F 2-2: Ball 3-2: Strikes out looking
|
Batting: RHB Ricardo Guzmán
|
0-0: Ball 1-0: Ball 2-0: Called Strike 2-1: Swinging Strike 2-2: TRIPLE (Groundball, 5L)
|
Pinch Hitting: LHB Ken Phillips
|
0-0: Called Strike 0-1: Ball 1-1: DOUBLE (Groundball, 3L) Ricardo Guzmán scores
|
Batting: RHB Phil White
|
0-0: Intentional Walk
|
Batting: RHB Marty Hendrickson
|
0-0: Grounds into double play, 5-4-3 (Groundball, 56)
|
Bottom of the 8th over - 1 run(s), 2 hit(s), 0 error(s), 1 left on base; Riverside 9 - San Diego 11 |
TOP OF THE 9TH |
Riverside Red Bulls batting - Pitching for San Diego Smashers : RHP Joe Shoemaker
|
Pitching: RHP Joe Shoemaker
|
|
Now at 1B: Ken Phillips
|
|
Batting: RHB Brandon Pope
|
0-0: Hit by Pitch
|
Pitching: RHP Jeremy Murray
|
|
Batting: RHB Mike Mills
|
0-0: Ball 1-0: Swinging Strike 1-1: Ball 2-1: Ball 3-1: Fly out, F7 (Flyball, 7D)
|
Batting: RHB Fernando Gálvez
|
0-0: Foul Ball, location: 2F 0-1: Ball 1-1: Called Strike 1-2: Fly out, F7 (Flyball, 78M)
|
Batting: RHB Enrique Flores
|
0-0: Foul Ball, location: 2F 0-1: Ball 1-1: Ball Single, Error in OF, E9, batter to second base Brandon Pope to third
|
Pinch Hitting: RHB Kelly Jones
|
0-0: Ball 1-0: Foul Ball, location: 2F 1-1: Ground out 4-3 (Groundball, 4)
|
Top of the 9th over - 0 run(s), 1 hit(s), 1 error(s), 2 left on base; Riverside 9 - San Diego 11 |
|